 Dungeon Crawl Stone Soup version 0.27.1-33-g824d729ab1 (webtiles) character file.

Game seed: 3260537912549190204

361 zeram the Chopper (level 6, -2/52 HPs)
             Began as a Hill Orc Fighter on Dec 31, 2021.
             Slain by a black bear (6 damage)
             ... on level 4 of the Dungeon.
             The game lasted 00:06:01 (4284 turns).

zeram the Chopper (Hill Orc Fighter)                Turns: 4284, Time: 00:06:02

Health: -2/52      AC: 10    Str: 21    XL:     6   Next: 66%
Magic:  6/6        EV:  6    Int:  8    God:
Gold:   188        SH: 19    Dex: 10    Spells: 5/5 levels left

rFire    . . .     SeeInvis .   a - +0 war axe
rCold    . . .     Faith    .   k - +0 tower shield
rNeg     . . .     Spirit   .   b - +0 scale mail
rPois    .         Reflect  +   (no helmet)
rElec    .         Harm     .   (no cloak)
rCorr    .         Rampage  .   u - +2 pair of gloves
Will     .....                  (no boots)
Stlth    ..........             p - amulet of reflection
HPRegen  0.17/turn              (no ring)
MPRegen  0.10/turn              (no ring)

@: attractive, hasted, very quick
A: no striking features
a: no special abilities


You were on level 4 of the Dungeon.
You visited 1 branch of the dungeon, and saw 4 of its levels.
You also visited: Ossuary.

You collected 377 gold pieces.
You spent 189 gold pieces at shops.

Inventory:

Hand Weapons
 a - a +0 war axe (weapon)
 t - the +4 dagger "Vumpof" {vorpal, rC+ Str+3}
   (You bought it in a shop on level 4 of the Dungeon)

   It inflicts extra damage upon your enemies.
   Str:       It affects your strength (+3).
   rC:        It protects you from cold.
Armour
 b - a +0 scale mail (worn)
 k - a +0 tower shield (worn)
 u - a +2 pair of gloves (worn)
Jewellery
 p - an amulet of reflection (around neck)
Scrolls
 e - 3 scrolls of fear
 f - a scroll of teleportation
 g - a scroll of enchant weapon {unknown}
 j - 2 scrolls of identify
 n - a scroll of fog {unknown}
 r - a scroll of holy word {unknown}
Potions
 c - a potion of brilliance {unknown}
 d - a potion of curing
 h - a potion of ambrosia
 i - 4 potions of magic
 l - 3 potions of lignification
 o - 3 potions of attraction
 q - a potion of haste


   Skills:
 - Level 4.0 Fighting
 + Level 6.3 Axes
 + Level 4.5 Armour
 + Level 1.2 Dodging
 - Level 0.1 Stealth
 + Level 4.6 Shields


You had 5 spell levels left.
You didn't know any spells.
Your spell library contained the following spells:

 Spells                   Type           Power      Damage    Failure   Level
 Apportation              Tloc           0%         N/A       100%        1
 Alistair's Intoxication  Tmut/Pois      0%         N/A       100%        5
 Invisibility             Hex            0%         N/A       100%        6


Dungeon Overview and Level Annotations

Branches:
Dungeon (4/15)            Ossuary (visited)
 Temple: D:4-7

Altars:
Makhleb

Shops:
D:4 (


Message History

You block the black bear's attack. The black bear claws you.
* * * LOW HITPOINT WARNING * * *
Okay, then.
Okay, then.
You can't see any enemies this would affect, really read the scroll of fear?
Okay, then.
Okay, then.
It was a potion of attraction.
You feel attractive to monsters. You block the black bear's attack.
The black bear claws you.
* * * LOW HITPOINT WARNING * * *
The black bear barely misses you.
It was a potion of curing.
You feel better. You block the black bear's attack. x3
The black bear bites you.
* * * LOW HITPOINT WARNING * * *
You block the black bear's attack.
The black bear claws you but does no damage.
It was a potion of haste.
You feel yourself speed up.
You block the black bear's attack. x2; The black bear closely misses you.
You hit the black bear.
The black bear is almost dead.
The black bear bites you but does no damage.
You block the black bear's attack. The black bear claws you.
* * * LOW HITPOINT WARNING * * *
The black bear bites you.
* * * LOW HITPOINT WARNING * * *
The black bear claws you.
* * * LOW HITPOINT WARNING * * *
You block the black bear's attack.
You closely miss the black bear.
The black bear is almost dead.
You block the black bear's attack. x2; The black bear barely misses you.
Unknown command.
You closely miss the black bear.
The black bear is almost dead.
You block the black bear's attack. x2
The black bear claws you but does no damage.
The black bear bites you but does no damage.
The black bear claws you.
You die...

.#........#.####
.#.######.#.#
...# ##.#.# ...#
###..#.#
...###...##
.......##.### ##
##.#######..####
##..## #...
##....##.....#
#####
###...@h....#
######...## ###


You could see a black bear (berserk).

Vanquished Creatures
  2 hounds (D:3)
  An iguana (D:4)
  A hound skeleton (D:4)
  8 mummies (Ossuary)
  5 adders
  A gnoll (D:3)
  4 worms
  A dart slug (D:3)
  6 orcs (D:3)
  9 ball pythons
  4 endoplasms
  4 giant cockroaches
  10 goblins
  8 hobgoblins
  6 jackals
  6 kobolds
  2 quokkas
  5 bats (D:1)
  5 frilled lizards
  A gnoll zombie (Ossuary)
  A hobgoblin zombie (Ossuary)
  A kobold zombie (Ossuary)
  5 orc zombies (Ossuary)
  A quokka skeleton (D:4)
  3 rats
100 creatures vanquished.

Notes
Turn   | Place    | Note
-------+----------+-------------------------------------------
     0 | D:1      | zeram the Hill Orc Fighter began the quest for the Orb.
     0 | D:1      | Reached XP level 1. HP: 19/19 MP: 1/1
   248 | D:1      | Reached skill level 3 in Axes
   255 | D:1      | Reached XP level 2. HP: 25/27 MP: 2/2
   536 | D:1      | Reached XP level 3. HP: 31/33 MP: 3/3
   865 | D:1      | Found a faded altar of an unknown god.
  1231 | D:2      | Reached skill level 4 in Axes
  1400 | D:2      | Reached XP level 4. HP: 40/40 MP: 4/4
  2242 | D:3      | Reached XP level 5. HP: 31/46 MP: 5/5
  2248 | D:3      | Reached skill level 5 in Axes
  2475 | D:3      | Reached skill level 1 in Dodging
  2962 | D:4      | Found a sand-covered staircase.
  2967 | Ossuary  | Entered an ossuary
  2982 | Ossuary  | Reached XP level 6. HP: 29/52 MP: 6/6
  3262 | Ossuary  | Reached skill level 6 in Axes
  3952 | D:4      | Found a burning altar of Makhleb.
  3952 | D:4      | Noticed a blizzard demon
  4020 | D:4      | Found Faqet's Antique Weapon Boutique.
  4023 | D:4      | Bought a polished dagger for 189 gold pieces
  4023 | D:4      | Identified the +4 dagger "Vumpof" {vorpal, rC+ Str+3} (You
                  | bought it in a shop on level 4 of the Dungeon)
  4266 | D:4      | Noticed a black bear
  4284 | D:4      | Slain by a black bear

Illustrated notes

Levels and vault maps discovered:
D:1:      nzn_arrival_water_spiral, layout_basic,
          chequers_ecumenical_altar_grove, serial_aquarium,
          aquarium_bridge_long_joined [aquarium_subvault_bridge,
          aquarium_subvault_window, aquarium_subvault_bridge,
          aquarium_subvault_window, aquarium_subvault_balcony,
          aquarium_subvault_wall], aquarium_window_1, aquarium_window_fake,
          aquarium_view_2g, aquarium_view_2d, minmay_tiny_reverse_x
D:2:      layout_basic, minmay_goblin_kobold_house
D:3:      layout_rooms, cheibrodos_gnoll_hut
D:4:      black_bear_nest_1, layout_loops_corners, makhleb_altar_promises_db,
          serial_shops, kennysheep_mini, nicolae_ossuary_entry_plus

Skill      XL: |  1  2  3  4  5  6 |
---------------+-------------------+-----
Axes           | 3 4 5 6 |  6.3
Fighting       | 4 |  4.0
Armour         | 4 |  4.5
Shields        | 4 |  4.6
Dodging        | 1 |  1.2
Stealth        | |  0.1

Action                   |  1- 3 |  4- 6 || total
-------------------------+-------+-------++-------
Melee: War axe           |   100 |   190 ||   290
  Use: Scroll            |       |     7 ||     7
       Potion            |       |     4 ||     4
Armor: Scale mail        |    55 |    87 ||   142
Dodge: Dodged            |    39 |    44 ||    83
Block: Kite shield       |    66 |    36 ||   102
       Tower shield      |       |   131 ||   131
